 Dungeon Crawl Stone Soup version 0.25.1-2-g60ff931df9 (webtiles) character file.

Game seed: 10950035581079344157

13885 Martska the Fighter (level 11, -4/101 HPs)
             Began as a Minotaur Fighter on Sept 29, 2020.
             Was a Priest of the Shining One.
             Slain by a blink frog (15 damage)
             ... on level 2 of the Lair of Beasts.
             The game lasted 00:17:08 (11407 turns).

Martska the Fighter (Minotaur Fighter)             Turns: 11407, Time: 00:17:08

Health: -4/101     AC: 13    Str: 22    XL:     11   Next: 81%
Magic:  15/15      EV: 18    Int:  5    God:    the Shining One [***...]
Gold:   687        SH:  0    Dex: 12    Spells: 10/10 levels left

rFire    + . .     SeeInvis .   J - +3 battleaxe
rCold    . . .     Gourm    .   (shield currently unavailable)
rNeg     + . .     Faith    .   b - +0 scale mail
rPois    .         Spirit   .   (helmet restricted)
rElec    .         Reflect  .   (no cloak)
rCorr    .         Harm     .   w - +0 pair of gloves
MR       .....                  y - +2 pair of boots
Stlth    ..........             (no amulet)
HPRegen  0.26/turn              i - ring of protection from fire
MPRegen  0.14/turn              j - +4 ring of evasion

@: glowing
A: retaliatory headbutt, horns 2
a: Divine Shield, Renounce Religion


You were on level 2 of the Lair of Beasts.
You worshipped the Shining One.
The Shining One was most pleased with you.
You were not hungry.

You visited 2 branches of the dungeon, and saw 11 of its levels.

You collected 687 gold pieces.

Inventory:

Hand Weapons
 a - a +1 war axe
 G - a +1 vorpal hand axe
 I - the +6 demon trident "Beetlebane" {venom, Str+2}
   (You took it off a centaur on level 8 of the Dungeon)

   It poisons the flesh of those it strikes.
   It affects your strength (+2).
   The Shining One disapproves of the use of such an item.
 J - a +3 battleaxe (weapon)
 K - a +5 flail
Armour
 b - a +0 scale mail (worn)
 c - a +0 kite shield
 w - a +0 pair of gloves (worn)
 y - a +2 pair of boots (worn)
Magical Staves
 L - an uncursed staff of summoning {unknown}
 N - an uncursed staff of wizardry {unknown}
Jewellery
 i - a ring of protection from fire (left hand)
 j - a +4 ring of evasion (right hand)
 n - an uncursed ring of positive energy {unknown}
 F - an uncursed ring of poison resistance
 H - an uncursed ring of resist corrosion
Wands
 t - a wand of flame (5)
 u - a wand of digging (6)
 x - a wand of polymorph (17)
 Q - a wand of enslavement (8)
Scrolls
 d - a scroll of fear
 h - 3 scrolls of enchant armour
 m - a scroll of enchant weapon
 o - 3 scrolls of amnesia
 p - 4 scrolls of remove curse
 r - a scroll of immolation
 s - 2 scrolls of blinking {unknown}
 D - a scroll of teleportation {unknown}
 P - 5 scrolls of identify
Potions
 e - 3 potions of curing
 g - a potion of berserk rage
 k - 4 potions of lignification
 l - 3 potions of haste
 q - 2 potions of degeneration {unknown}
 v - 5 potions of flight {unknown}
 B - a potion of mutation {unknown}
 C - a potion of brilliance {unknown}
 E - a potion of invisibility {unknown}
 O - a potion of ambrosia {unknown}
Comestibles
 f - 19 rations


   Skills:
 * Level 10.4 Fighting
 * Level 10.0 Axes
 + Level 9.3 Armour
 * Level 8.9 Dodging
 - Level 3.6 Shields
 * Level 7.8 Invocations
 * Level 7.1 Evocations


You had 10 spell levels left.
You didn't know any spells.
Your spell library contained the following spells:

 Spells                   Type           Power        Failure   Level  Hunger
 Leda's Liquefaction      Hex/Erth       #.........   100%        4    #####..
 Bolt of Magma            Conj/Fire/Erth #.........   100%        5    ######.
 Iron Shot                Conj/Erth      #.........   100%        6    #######
 Statue Form              Tmut/Erth      #........    100%        6    #######
 Shatter                  Erth           #.........   100%        9    #######


Dungeon Overview and Level Annotations

Branches:
Dungeon (9/15)             Temple (0/1) D:6            Lair (2/6) D:9
 Shoals (0/4) Lair:2          Orc (0/2) D:9
  Snake: Lair:2-4    Spider: Lair:2-4

Altars:
Cheibriados
Hepliaklqana
Nemelex Xobeh
Wu Jian
Xom
Zin
The Shining One

Shops:
D:4 [   D:9 ([

Annotations:
D:7 3 runed translucent doors, generaletaddeo's ghost, novice TeVM
D:9 2 transporters, infcreate's ghost, novice DECj
Lair:2 1 transporter


Innate Abilities, Weirdness & Mutations

You reflexively headbutt those who attack you in melee.
You have a pair of horns on your head.


Message History

The blink frog gives a loud, deep croak!
A blink frog comes into view.
You are too injured to fight recklessly!
The blink frog blinks!
The blink frog blinks!
The blink frog hits you!
* * * LOW HITPOINT WARNING * * *
You closely miss the blink frog. The blink frog closely misses you.
You slash the blink frog! Your headbutt misses the blink frog.
The blink frog is moderately wounded.
You slash the blink frog! The blink frog misses you.
The blink frog blinks! x2
The blink frog blinks!
The blink frog misses you. The blink frog hits you!
* * * LOW HITPOINT WARNING * * *
You hit the blink frog. Your headbutt misses the blink frog.
The blink frog is moderately wounded.
The blink frog misses you.
The blink frog hits you but does no damage.
The blink frog blinks!
You feel better. The blink frog hits you!
You die...

..P .#. ..## #.### ○°. ###..#
#... ..○ ###..#.## #..## ####
#.......# ##...#######...
#.......## #..P.....[.....
#....†.>.## ##P.............
#.........#####...............
##.....F.....F@§....#..........
#P.!.......#.###.##.......(....
##.....(...### ##.#..........P†
#.........# #####.....#####
#........F.# #.###.## #
##...(...†.P# ### ###
##.#.......# ###...#.F..#
#...PP....#


You could see 2 blink frogs.

Vanquished Creatures
  A hydra (Lair:2)
  5 two-headed ogres
  Pikel (D:5)
  2 merfolk sirens (Lair:2)
  3 spiny frogs
  A rime drake (Lair:2)
  2 merfolk (Lair:2)
  Prince Ribbit (D:7)
  4 blink frogs (Lair:2)
  3 hippogriffs
  11 yaks
  A human (D:7)
  3 hogs (D:7)
  A basilisk (Lair:1)
  3 water moccasins
  3 porcupines
  2 ogres (D:7)
  3 orc warriors
  A necrophage (D:7)
  3 ice beasts
  A phantom (D:9)
  5 centaurs
  2 crocodiles (Lair:1)
  Blork the orc (D:5)
  5 bullfrogs
  A scorpion (D:5)
  3 wights (D:8)
  A howler monkey (D:5)
  A centaur zombie (D:8)
  6 crimson imps
  A bullfrog zombie (D:7)
  A gnoll shaman (D:4)
  3 hounds
  3 orc priests
  4 jellies
  4 orc wizards
  An iguana (D:9)
  Ijyb (D:4)
  4 worker ants
  A hound skeleton (D:4)
  A worker ant zombie (D:5)
  7 adders
  8 gnolls
  A shadow imp (D:6)
  An ooze (D:2)
  An adder skeleton (D:9)
  3 leopard geckos
  20 orcs
  2 ball pythons
  6 giant cockroaches
  3 goblins
  8 hobgoblins
  6 jackals
  10 kobolds
  2 quokkas
  A ball python skeleton (D:3)
  3 bats
  3 frilled lizards
  6 rats
  A plant (Lair:1)
196 creatures vanquished.

Vanquished Creatures (others)
  A quokka (D:5)
  17 toadstools (D:9)
18 creatures vanquished.

Grand Total: 214 creatures vanquished

Notes
Turn   | Place    | Note
-------+----------+-------------------------------------------
     0 | D:1      | Martska the Minotaur Fighter began the quest for the Orb.
     0 | D:1      | Reached XP level 1. HP: 19/19 MP: 0/0
   161 | D:1      | Reached XP level 2. HP: 27/27 MP: 1/1
   509 | D:1      | Reached skill level 1 in Dodging
   922 | D:2      | Reached XP level 3. HP: 33/33 MP: 2/2
  1697 | D:3      | Found a glowing golden altar of the Shining One.
  1756 | D:3      | Became a worshipper of the Shining One
  1969 | D:3      | Found a hazy altar of Hepliaklqana.
  2039 | D:3      | Reached XP level 4. HP: 40/40 MP: 3/3
  2209 | D:3      | Found a shimmering altar of Xom.
  2219 | D:3      | Reached skill level 1 in Invocations
  2219 | D:3      | Reached skill level 1 in Evocations
  2219 | D:3      | Reached XP level 5. HP: 47/47 MP: 4/4
  2520 | D:4      | Reached * piety under the Shining One
  2525 | D:4      | Reached XP level 6. HP: 48/55 MP: 6/6
  2600 | D:4      | Reached skill level 5 in Fighting
  2600 | D:4      | Reached skill level 5 in Armour
  2960 | D:4      | Noticed Ijyb
  2966 | D:4      | Killed Ijyb
  3143 | D:4      | Found Vikone's Armour Shoppe.
  3784 | D:5      | Entered Level 5 of the Dungeon
  3856 | D:5      | Reached XP level 7. HP: 61/61 MP: 7/7
  3907 | D:5      | Noticed Pikel
  3918 | D:5      | Killed Pikel
  3918 | D:5      | Reached skill level 5 in Axes
  3918 | D:5      | Reached XP level 8. HP: 51/70 MP: 7/9
  4033 | D:5      | Found a snail-covered altar of Cheibriados.
  4178 | D:5      | Noticed Blork the orc
  4192 | D:5      | Killed Blork the orc
  4909 | D:6      | Found a staircase to the Ecumenical Temple.
  5723 | D:7      | Found a glowing golden altar of the Shining One.
  5726 | D:7      | Found a flagged portal.
  5747 | D:7      | Reached skill level 5 in Dodging
  5802 | D:7      | Reached XP level 9. HP: 65/79 MP: 11/11
  6029 | D:7      | Noticed Prince Ribbit
  6037 | D:7      | Killed Prince Ribbit
  6149 | D:7      | Reached skill level 5 in Invocations
  6300 | D:7      | Found a runed translucent gate.
  6300 | D:7      | Found a runed translucent gate.
  6300 | D:7      | Found a runed translucent gate.
  6300 | D:7      | Noticed a cyclops
  6388 | D:7      | Noticed generaletaddeo's ghost (novice TeVM)
  6394 | D:7      | Reached ** piety under the Shining One
  6420 | D:7      | Noticed a two-headed ogre
  6433 | D:7      | Killed a two-headed ogre
  6640 | D:7      | Found a sparkling altar of Nemelex Xobeh.
  6663 | D:7      | Reached skill level 5 in Evocations
  6725 | D:7      | Reached XP level 10. HP: 79/88 MP: 13/13
  7142 | D:8      | Noticed a two-headed ogre
  7149 | D:8      | Killed a two-headed ogre
  7305 | D:8      | Identified the +6 demon trident "Beetlebane" {venom, Str+2}
  7471 | D:8      | Noticed a two-headed ogre
  7480 | D:8      | Killed a two-headed ogre
  7978 | D:8      | Noticed a two-headed ogre
  7985 | D:8      | Killed a two-headed ogre
  8446 | D:9      | Found Akhiblei's Weapon Boutique.
  8446 | D:9      | Found a staircase to the Orcish Mines.
  8459 | D:9      | Found Ifoumn's Armour Boutique.
  8494 | D:9      | Noticed infcreate's ghost (novice DECj)
  8607 | D:9      | Reached *** piety under the Shining One
  8719 | D:9      | Noticed a two-headed ogre
  8722 | D:9      | Killed a two-headed ogre
  8780 | D:9      | Found an ornate altar of the Wu Jian Council.
  8867 | D:9      | Found a transporter.
  8908 | D:9      | Found a transporter.
  8973 | D:9      | Found a staircase to the Lair.
  8983 | Lair:1   | Entered Level 1 of the Lair of Beasts
  8983 | Lair:1   | Noticed a spiny frog
  8991 | Lair:1   | Killed a spiny frog
  8991 | Lair:1   | Reached XP level 11. HP: 81/97 MP: 15/15
  9186 | Lair:1   | Noticed a seven-headed hydra
 10566 | Lair:2   | Reached skill level 10 in Fighting
 10695 | Lair:2   | Found a staircase to the Shoals.
 10970 | Lair:2   | Found a glowing silver altar of Zin.
 11049 | Lair:2   | Found a transporter.
 11359 | Lair:2   | Noticed an eight-headed hydra
 11373 | Lair:2   | Killed an eight-headed hydra
 11373 | Lair:2   | Reached skill level 10 in Axes
 11405 | Lair:2   | HP: 2/101 [blink frog (12)]
 11407 | Lair:2   | Slain by a blink frog

Illustrated notes

Levels and vault maps discovered:
D:1:      lemuel_arrival_rhombus, layout_loops_ring
D:2:      layout_rooms, nicolae_overflow_hidden_temple
D:3:      layout_loops_ring, led_xom_imps, lemuel_coloured_pillars_altar,
          old_standard_altar
D:4:      layout_cave_pods, serial_shops, shop, first_ration, uniq_ijyb
D:5:      layout_basic, cheibriados_altar_1, uniq_pikel, uniq_blork_the_orc
D:6:      layout_loops_corners, minmay_temple_entry_grid
D:7:      layout_basic, lemuel_crystal_altar, enter_bailey_2,
          gammafunk_ghost_split, basic_altar, grunt_livestock,
          uniq_prince_ribbit1
D:8:      layout_cave_pools, minivault_24
D:9:      layout_loops_corners, tgw_fedhas, nicolae_overflow_crystal_walls,
          orc_david_3, gammafunk_ghost_stat_death
Lair:1:   layout_roguey, st_stairs_12, guppyfry_lair_drakes
Lair:2:   gammafunk_cloud_chamber, layout_cave_pods, elwin_shoals_entry_stream,
          basic_altar

Skill      XL: |  1  2  3  4  5  6  7  8  9 10 11 |
---------------+----------------------------------+-----
Dodging        | 1 2 3 4 5 6 7 8 |  8.9
Fighting       | 4 5 6 7 8 9 10 | 10.4
Armour         | 4 5 6 8 9 |  9.3
Axes           | 3 4 5 6 7 8 10 | 10.0
Invocations    | 1 2 3 4 5 6 7 |  7.8
Evocations     | 1 2 4 5 6 7 |  7.1
Shields        | |  3.6

Action                   |  1- 3 |  4- 6 |  7- 9 | 10-12 || total
-------------------------+-------+-------+-------+-------++-------
Melee: War axe           |    93 |    69 |   103 |       ||   265
       Headbutt          |    13 |    10 |    30 |    35 ||    88
       Hand axe          |       |       |    77 |    44 ||   121
       Battleaxe         |       |       |       |   125 ||   125
       Flail             |       |       |       |    12 ||    12
Invok: Divine Shield     |       |       |       |     1 ||     1
Evoke: Wand              |       |       |     2 |     3 ||     5
  Use: Scroll            |       |       |     6 |     6 ||    12
       Potion            |       |       |       |     5 ||     5
  Eat: Chunk             |     4 |     2 |     6 |     2 ||    14
       Ration            |       |     1 |     1 |     4 ||     6
Armor: Scale mail        |    44 |    21 |    45 |    83 ||   193
       Skin              |       |     1 |       |       ||     1
Dodge: Dodged            |    33 |    46 |   102 |   230 ||   411
Block: Kite shield       |    47 |    42 |    80 |    15 ||   184
